[Event "ICCopen2017"]
[Site "Internet Chess Club"]
[Date "2017.03.19"]
[Round "2"]
[White "ROWLAND"]
[Black "Revolutions"]
[Result "0-1"]
[ICCResult "White forfeits on time"]
[WhiteElo "1459"]
[BlackElo "1784"]
[Opening "Sicilian: Kan, 5.Bd3"]
[ECO "B42"]
[NIC "SI.42"]
[Time "19:22:48"]
[TimeControl "180+0"]

1. e4 c5 2. Nf3 e6 3. d4 cxd4 4. Nxd4 a6 5. Bd3 Qc7 6. O-O Nc6 7. Nb3 Nf6 8.
f3 h5 9. c4 h4 10. h3 Nh5 11. Nc3 Ng3 12. Re1 a5 13. Nd5 Qd8 14. Bf4 a4 15.
Nd2 Bc5+ 16. Kh2 d6 17. Nf1 Ne5 18. Bxe5 dxe5 19. Nc3 Qg5 20. Ne2 Bf2 21.
Nfxg3 hxg3+ 22. Kh1 Bd7 23. Rf1 Ke7 24. b3 Rh6 25. Ng1 Rah8 26. Qc1 Be3 27.
Qe1 Bxg1 28. Rxg1 Rxh3+ 29. gxh3 Rxh3+ 30. Kg2 Rh2+ 31. Kf1 g2+ 32. Ke2 Bc6
33. Qb4+ Kf6 34. Qf8 Qf4 35. Qd8+ Kg6 36. Qe7 Qf6 37. Qxf6+ Kxf6 38. Rab1
axb3 39. Kf2 bxa2 40. Ra1 Rh3 41. Rxa2 Rh5 42. Rxg2 Rg5 43. Kf1 Rh5 44. Kf2
Rh6 45. Kf1 g5 46. Kf2 g4 47. Kf1 g3 48. Rxg3 Rh1+ 49. Rg1 Rh2
{White forfeits on time}
0-1

[Event "ICCopen2017"]
[Site "Internet Chess Club"]
[Date "2017.03.19"]
[Round "2"]
[White "GolfPro"]
[Black "DreadHead"]
[Result "0-1"]
[ICCResult "White forfeits on time"]
[WhiteElo "1854"]
[BlackElo "2433"]
[Opening "English opening"]
[ECO "A10"]
[NIC "EO.64"]
[Time "19:22:54"]
[TimeControl "180+0"]

1. c4 g6 2. Nc3 Bg7 3. Nf3 d6 4. g3 Nf6 5. Bg2 O-O 6. O-O Nc6 7. d3 e5 8.
Bg5 h6 9. Bxf6 Bxf6 10. Rb1 a5 11. a3 Bg7 12. Qd2 f5 13. b4 axb4 14. axb4
Be6 15. b5 Ne7 16. e4 f4 17. Nd5 g5 18. Kh1 g4 19. Nh4 f3 20. Nxe7+ Qxe7 21.
Ng6 fxg2+ 22. Kxg2 Qf7 23. Nxf8 Qf3+ 24. Kg1 Rxf8 25. Ra1 b6 26. Ra7 Rf7 27.
Qd1 Qf6 28. Qe2 h5 29. Rfa1 h4 30. Ra8+ Kh7 31. R1a2 Bh6 32. Rb8 Qg5 33. Qc2
h3 34. Qe2 Qc1+ 35. Qf1 Qxf1+ 36. Kxf1 Be3 37. Ke1 Bd4 38. Rb7 Kg6 39. Rba7
Rf3 40. R7a3 Bc5 41. Rb3 Bxc4 42. dxc4 Rxb3 43. Ra7 Rc3 44. Rxc7 Rxc4 45.
Re7 Rxe4+ 46. Kd2 Rb4 47. Re6+ Kf5 48. Re8 Ke4 49. Rg8 Rxb5 50. Rxg4+ Kf3
51. Rh4 Rb2+ 52. Kc3 Bd4+ 53. Kd3 Kg2 54. g4 Kxh2 55. g5 Rxf2 56. g6 Rg2 57.
Rh6 Rg3+ 58. Ke4 Kg2 59. Rxh3 Kxh3 60. g7 Rxg7 {White forfeits on time} 0-1

[Event "ICCopen2017"]
[Site "Internet Chess Club"]
[Date "2017.03.19"]
[Round "2"]
[White "marinocid"]
[Black "AlonzoMosely"]
[Result "0-1"]
[ICCResult "White forfeits on time"]
[WhiteElo "1835"]
[BlackElo "2316"]
[Opening "Ruy Lopez: Treybal (Bayreuth) variation (exchange var. deferred)"]
[ECO "C77"]
[NIC "RL.12"]
[Time "19:22:44"]
[TimeControl "180+0"]

1. e4 e5 2. Nf3 Nc6 3. Bb5 a6 4. Ba4 Nf6 5. Bxc6 dxc6 6. O-O Nd7 7. d4 exd4
8. Qxd4 Nc5 9. Qxd8+ Kxd8 10. Nc3 Be7 11. Rd1+ Ke8 12. h3 Bd7 13. Ne5 Be6
14. Be3 Nd7 15. Nxd7 Bxd7 16. f4 Rd8 17. Rd2 f5 18. Rad1 fxe4 19. Nxe4 Bf5
20. Ng3 Bxc2 21. Rxd8+ Bxd8 22. Rd2 Bg6 23. f5 Bf7 24. Bd4 Rg8 25. b3 Bd5
26. Ne2 Kf7 27. g4 Bg5 28. Rd1 Re8 29. Nc3 Bf3 30. Rf1 Be3+ 31. Bxe3 Rxe3
32. Na4 Bd5 33. Nc5 b6 34. Nxa6 Rxh3 35. Nxc7 Be4 36. Rf4 Bb1 37. Rc4 c5 38.
Nd5 Bd3 39. Rc3 b5 40. Rxc5 Rf3 41. Nc7 Kf6 42. Nxb5 Kg5 43. Nd4 Re3 44. Rc7
Kxg4 {White forfeits on time} 0-1

[Event "ICCopen2017"]
[Site "Internet Chess Club"]
[Date "2017.03.19"]
[Round "2"]
[White "Mamba"]
[Black "cloak1"]
[Result "1-0"]
[ICCResult "Black checkmated"]
[WhiteElo "2657"]
[BlackElo "1908"]
[Opening "Sicilian: Nimzovich-Rubinstein variation"]
[ECO "B29"]
[NIC "SI.43"]
[Time "19:23:09"]
[TimeControl "180+0"]

1. e4 c5 2. Nf3 Nf6 3. e5 Nd5 4. Nc3 e6 5. Nxd5 exd5 6. d4 c4 7. b3 Bb4+ 8.
Bd2 c3 9. Bg5 Be7 10. h4 Nc6 11. Qd3 Qa5 12. Bxe7 Nxe7 13. a3 Qc7 14. h5 h6
15. Rh4 b6 16. Rg4 Kf8 17. Rg3 a5 18. Nh4 Ba6 19. Qxc3 Qxc3+ 20. Rxc3 Nc6
21. Bxa6 Rxa6 22. O-O-O Ke7 23. Nf5+ Kf8 24. Ne3 b5 25. Rc5 b4 26. a4 g6 27.
hxg6 fxg6 28. Rxd5 Ke7 29. Rd6 Rg8 30. Nd5+ Kd8 31. Rxd7+ Kxd7 32. Nf6+ Ke7
33. Nxg8+ Kf7 34. Nxh6+ Kg7 35. Ng4 Ra8 36. d5 Ne7 37. d6 Nf5 38. e6 Rd8 39.
e7 Nxe7 40. dxe7 Re8 41. Rd7 Kf7 42. Ra7 Ke6 43. Rxa5 Kf7 44. Re5 g5 45. a5
Kg6 46. a6 Kf7 47. g3 Kg6 48. f4 Kf7 49. f5 Kg7 50. f6+ Kf7 51. a7 Ra8 52.
e8=Q+ Rxe8 53. Rxe8 Kxe8 54. a8=Q+ Kf7 55. Qd5+ Kg6 56. f7 Kg7 57. Qf5 Kf8
58. Ne3 Ke7 59. f8=Q# {Black checkmated} 1-0

[Event "ICCopen2017"]
[Site "Internet Chess Club"]
[Date "2017.03.19"]
[Round "2"]
[White "wagnerbi"]
[Black "Parsifal"]
[Result "1-0"]
[ICCResult "Black forfeits on time"]
[WhiteElo "1884"]
[BlackElo "2380"]
[Opening "Réti opening"]
[ECO "A04"]
[NIC "QP.11"]
[Time "19:22:55"]
[TimeControl "180+0"]

1. Nf3 e6 2. d4 Nf6 3. g3 c5 4. Bg2 cxd4 5. Nxd4 d5 6. O-O Be7 7. c4 O-O 8.
cxd5 Nxd5 9. Bd2 Bf6 10. e3 Nc6 11. Nc3 Nxd4 12. exd4 Bxd4 13. Nxd5 exd5 14.
Bb4 Qb6 15. Bxf8 Kxf8 16. Qb3 Qxb3 17. axb3 Be6 18. Rad1 Bxb2 19. Bxd5 Bh3
20. Bxb7 Rb8 21. Bg2 Be6 22. Bd5 Bg4 23. f3 Bh3 24. Rfe1 Bc3 25. Re3 Bb4 26.
Re4 Bf5 27. Rc4 a6 28. Rc7 Bg6 29. g4 a5 30. Kg2 h5 31. h3 Rd8 32. f4 Rxd5
33. Rc8+ Ke7 34. Rdc1 Be4+ 35. Kg3 Rd3+ 36. Kh4 hxg4 37. hxg4 Bd6 38. Re1
Rxb3 39. Rxe4+ Kd7 40. Ra8 Be7+ 41. g5 Bd6 42. Kg4 Rb4 43. Rxb4 axb4 44. Ra4
Ke6 45. Ra6 g6 46. Kf3 Kd5 47. Ke3 Ke6 48. Ke4 Ke7 49. Kd5 Bxf4 50. Rb6 Bxg5
51. Rxb4 Bf6 52. Rb7+ Kf8 53. Kc6 g5 54. Kd5 Kg7 55. Ke4 Kg6 56. Rb6 g4 57.
Kf4 g3 58. Kxg3 Kf5 59. Kf3 Be5 60. Rb5 f6 61. Ke3 Ke6 62. Ke4 f5+ 63. Kf3
Bd6 64. Ra5 Be5 65. Ra6+ Bd6 66. Ra4 Ke5 67. Rc4 Kf6 68. Rc6 Ke5 69. Ra6
{Black forfeits on time}
1-0

[Event "ICCopen2017"]
[Site "Internet Chess Club"]
[Date "2017.03.19"]
[Round "2"]
[White "colombier"]
[Black "hamlet"]
[Result "1-0"]
[ICCResult "Black forfeits on time"]
[WhiteElo "1373"]
[BlackElo "1648"]
[Opening "French: advance, Paulsen attack"]
[ECO "C00"]
[NIC "FR.01"]
[Time "19:22:52"]
[TimeControl "180+0"]

1. e4 e6 2. Nf3 d5 3. e5 c5 4. c3 Nc6 5. d4 a6 6. Bd3 b5 7. O-O Bb7 8. Re1
c4 9. Bc2 g6 10. Nbd2 Nge7 11. Nf1 Nf5 12. Bxf5 gxf5 13. Bg5 Be7 14. Qd2 Qc7
15. Ng3 O-O-O 16. a4 b4 17. Rec1 Na5 18. Bxe7 Qxe7 19. Qc2 Nb3 20. cxb4 h5
21. Ne2 Nxa1 22. Rxa1 Rdg8 23. Qc3 h4 24. h3 f6 25. b5 Qg7 26. Ne1 axb5 27.
axb5 fxe5 28. Qb4 e4 29. b6 Qd7 30. Nf4 Rd8 31. Qc5+ Kb8 32. Ra7 Qd6 33. Qa5
Qxf4 34. Rxb7+ Kxb7 35. Qa7+ Kc8 36. b7+ Kc7 37. b8=Q+ Kc6 38. Qxf4 Ra8 39.
Qc5+ Kd7 40. Qfd6+ Ke8 41. Qxe6+ Kd8 42. Qcxd5+ Kc7 43. Qec6+ Kb8 44. Qxa8+
Kc7 45. Qxh8 Kb6 46. Qf6+ Kc7 47. Qdf7+ Kc8 48. Q6e7 {Black forfeits on
time} 1-0

[Event "ICCopen2017"]
[Site "Internet Chess Club"]
[Date "2017.03.19"]
[Round "2"]
[White "cap78red"]
[Black "Spirals"]
[Result "0-1"]
[ICCResult "White forfeits on time"]
[WhiteElo "1403"]
[BlackElo "2106"]
[Opening "English opening"]
[ECO "A22"]
[NIC "EO.10"]
[Time "19:22:46"]
[TimeControl "180+0"]

1. c4 e5 2. Nc3 Nf6 3. e4 c5 4. d3 Nc6 5. f4 exf4 6. Bxf4 d6 7. Nf3 Be7 8.
Be2 O-O 9. O-O Bg4 10. h3 Bh5 11. Ng5 Bxe2 12. Qxe2 Nd4 13. Qf2 h6 14. Nf3
Nxf3+ 15. Qxf3 Nd7 16. Nd5 Nb6 17. Nxe7+ Qxe7 18. e5 dxe5 19. Rae1 f6 20.
Be3 Rac8 21. Qg4 Qd7 22. Qg3 Qxd3 23. Rd1 Qh7 24. Qg4 f5 25. Qe2 g5 26. Bf2
e4 27. b4 cxb4 28. Bxb6 axb6 29. Rd5 Rf7 30. Rfd1 Rcf8 31. Qb2 Qg7 32. Qxb4
f4 33. Qxb6 f3 34. Rd6 Rf6 35. Rxf6 Rxf6 36. Rd8+ Kh7 37. Qb5 Qg6 38. Rd7+
Rf7 39. Rxf7+ Qxf7 40. gxf3 exf3 41. Qd5 Qxd5 42. cxd5 Kg6 43. Kf2 Kf5 44.
Kxf3 h5 45. d6 Ke6 46. d7 Kxd7 47. Ke4 Kc6 48. Kf5 g4 49. hxg4 hxg4 50. Kxg4
Kb5 51. Kf4 Ka4 52. Ke3 Ka3 53. Kd4 b5 54. Kc5 b4 55. Kc4 Ka4 56. Kd3 Ka3
57. Kc4 Ka4 58. Kd3 Kb5 59. Kc2 Ka4 {White forfeits on time} 0-1

[Event "ICCopen2017"]
[Site "Internet Chess Club"]
[Date "2017.03.19"]
[Round "2"]
[White "BrentMusburger"]
[Black "BronStorm"]
[Result "0-1"]
[ICCResult "White forfeits on time"]
[WhiteElo "2344"]
[BlackElo "1866"]
[Opening "French: Winawer, advance variation"]
[ECO "C18"]
[NIC "FR.11"]
[Time "19:23:21"]
[TimeControl "180+0"]

1. e4 e6 2. d4 d5 3. Nc3 Bb4 4. e5 c5 5. a3 Bxc3+ 6. bxc3 Qa5 7. Bd2 Qa4 8.
Nf3 b6 9. h4 Ne7 10. h5 h6 11. Bd3 Ba6 12. O-O Nbc6 13. Qe2 c4 14. Ne1 cxd3
15. cxd3 Na5 16. f4 O-O-O 17. Nc2 Qxc2 18. Rf3 Kb8 19. Rc1 Qb2 20. Qe1 Nb3
21. Rd1 Nxd2 22. Rxd2 Qxc3 23. Rff2 Qxd4 24. g4 g6 25. hxg6 Nxg6 26. Qf1
Rhg8 27. Kh2 Bb7 28. Rd1 Rc8 29. Rdd2 Rc3 30. Rf3 Qa4 31. Qf2 Qxa3 32. f5
Nxe5 33. Qg3 Qd6 34. Kh3 Rxg4 35. Qh2 exf5 {White forfeits on time} 0-1

[Event "ICCopen2017"]
[Site "Internet Chess Club"]
[Date "2017.03.19"]
[Round "2"]
[White "Maxbet"]
[Black "CristianS"]
[Result "1-0"]
[ICCResult "Black checkmated"]
[WhiteElo "2898"]
[BlackElo "1989"]
[Opening "Réti: King's Indian attack"]
[ECO "A05"]
[NIC "QP.11"]
[Time "19:23:01"]
[TimeControl "180+0"]

1. Nf3 Nf6 2. g3 g6 3. Bg2 Bg7 4. d4 O-O 5. O-O d6 6. b3 Nc6 7. Bb2 Ne4 8.
Nbd2 Nxd2 9. Qxd2 e5 10. dxe5 dxe5 11. Rad1 Qxd2 12. Nxd2 Bf5 13. Bxc6 bxc6
14. e4 Be6 15. f3 Rad8 16. Kf2 Rd7 17. Nb1 Rfd8 18. Ke2 f6 19. Nc3 Bf8 20.
Na4 Kf7 21. Bc1 Bb4 22. Be3 a6 23. c3 Be7 24. Bc5 Rxd1 25. Rxd1 Rxd1 26.
Kxd1 Bc8 27. Bxe7 Kxe7 28. Nc5 Kd6 29. b4 h5 30. Kd2 Ke7 31. Ke3 Kd6 32. a4
Ke7 33. a5 Kd6 34. h4 Ke7 35. f4 Kd6 36. Kf2 Ke7 37. Kf3 Kd6 38. Ke3 Ke7 39.
Kd3 Kd6 40. Kd2 Ke7 41. fxe5 fxe5 42. Kd3 Kd6 43. Kc4 Bh3 44. Nb7+ Kd7 45.
Nc5+ Kd6 46. Kb3 Bc8 47. c4 Ke7 48. Ka3 Kd6 49. Ka4 Ke7 50. b5 cxb5+ 51.
cxb5 axb5+ 52. Kxb5 Kd6 53. a6 Bxa6+ 54. Nxa6 Ke6 55. Kc6 Kf6 56. Kxc7 g5
57. Kd6 gxh4 58. gxh4 Kg6 59. Kxe5 Kf7 60. Kf5 Ke7 61. e5 Kd7 62. e6+ Ke7
63. Ke5 Ke8 64. Kf6 Kf8 65. e7+ Ke8 66. Nb4 Kd7 67. Kf7 Kd6 68. e8=Q Kc5 69.
Qe4 Kb5 70. Nd3 Kb6 71. Qc4 Kb7 72. Qc5 Kb8 73. Qc6 Ka7 74. Qb5 Ka8 75. Nc5
Ka7 76. Qb7# {Black checkmated} 1-0

[Event "ICCopen2017"]
[Site "Internet Chess Club"]
[Date "2017.03.19"]
[Round "2"]
[White "ivancele"]
[Black "lazywillis"]
[Result "1-0"]
[ICCResult "Black checkmated"]
[WhiteElo "1523"]
[BlackElo "1117"]
[Opening "Queen's Indian: 4.e3"]
[ECO "E14"]
[NIC "QI.03"]
[Time "19:23:09"]
[TimeControl "180+0"]

1. d4 Nf6 2. c4 e6 3. e3 b6 4. Nf3 Bb7 5. g3 Be7 6. Bg2 d5 7. Nbd2 Nbd7 8.
O-O O-O 9. b3 Rb8 10. Bb2 c5 11. Rc1 dxc4 12. Nxc4 cxd4 13. Nxd4 Bxg2 14.
Kxg2 Nc5 15. Ba1 Qd7 16. Qf3 Rfc8 17. Rfd1 Qb7 18. Ne5 Qxf3+ 19. Kxf3 Nd5
20. Nec6 Rb7 21. Nxe7+ Rxe7 22. e4 Nb4 23. a3 Nbd3 24. Rc2 Rec7 25. b4 Nxe4
26. Rxc7 Rxc7 27. Rxd3 f5 28. Nb5 Ng5+ 29. Kg2 Rc1 30. Be5 Re1 31. Rd8+ Kf7
32. Rd7+ Kg6 33. Rxg7+ Kh5 34. Bf4 Kg4 35. Rxg5# {Black checkmated} 1-0

[Event "ICCopen2017"]
[Site "Internet Chess Club"]
[Date "2017.03.19"]
[Round "2"]
[White "Persi"]
[Black "lmenezes"]
[Result "0-1"]
[ICCResult "White checkmated"]
[WhiteElo "1323"]
[BlackElo "1651"]
[Opening "French: Winawer, advance, 6...Ne7"]
[ECO "C18"]
[NIC "FR.11"]
[Time "19:23:45"]
[TimeControl "180+0"]

1. e4 e6 2. d4 d5 3. Nc3 Bb4 4. e5 c5 5. a3 Bxc3+ 6. bxc3 Ne7 7. f4 Bd7 8.
Nf3 a6 9. Be3 Nf5 10. Bf2 Qa5 11. Qd2 c4 12. Be2 Ba4 13. O-O O-O 14. Rfb1
Qc7 15. Rb4 Bc6 16. Rab1 Nd7 17. Ng5 h6 18. Nf3 f6 19. Qc1 fxe5 20. fxe5 Rf7
21. Nh4 Raf8 22. Bg4 Kh8 23. Nxf5 exf5 24. Bh5 Re7 25. Bh4 Ref7 26. Bxf7
Rxf7 27. Qf4 Nf6 28. Bxf6 Rxf6 29. exf6 Qxf4 30. a4 gxf6 31. a5 Qe3+ 32. Kh1
Qxc3 33. Rxb7 Bxb7 34. Rxb7 Qe1# {White checkmated} 0-1

[Event "ICCopen2017"]
[Site "Internet Chess Club"]
[Date "2017.03.19"]
[Round "2"]
[White "bythebook"]
[Black "wmanthony"]
[Result "1-0"]
[ICCResult "Black forfeits on time"]
[WhiteElo "1621"]
[BlackElo "1308"]
[Opening "Philidor: Steinitz variation"]
[ECO "C41"]
[NIC "KP.10"]
[Time "19:23:37"]
[TimeControl "180+0"]

1. e4 e5 2. Nf3 d6 3. Bc4 Be7 4. c3 Nf6 5. Qe2 O-O 6. d4 exd4 7. cxd4 Bg4 8.
Nc3 Nc6 9. Be3 a6 10. h3 Bh5 11. O-O Bg6 12. Bd3 Nb4 13. Bb1 Re8 14. d5 a5
15. Nh4 Nxe4 16. Nxg6 Nxc3 17. Nxe7+ Qxe7 18. bxc3 Nxd5 19. Qd3 Nf6 20. Bc2
d5 21. Bd4 g6 22. Rfe1 Qxe1+ 23. Rxe1 Rxe1+ 24. Kh2 Nd7 25. Bb3 Nb6 26. Bxb6
cxb6 27. Qxd5 Rf8 28. Qxb7 Ra1 29. Qxb6 Rc1 30. Qxa5 h5 31. Qg5 Rh1+ 32.
Kxh1 Kh7 33. Qf6 h4 34. Bxf7 {Black forfeits on time} 1-0

[Event "ICCopen2017"]
[Site "Internet Chess Club"]
[Date "2017.03.19"]
[Round "2"]
[White "AlonzoB"]
[Black "airantrobo"]
[Result "1-0"]
[ICCResult "Black forfeits on time"]
[WhiteElo "1226"]
[BlackElo "1543"]
[Opening "Queen's pawn game"]
[ECO "E00"]
[NIC "QP.07"]
[Time "19:23:18"]
[TimeControl "180+0"]

1. d4 Nf6 2. c4 e6 3. a3 d5 4. Nc3 c5 5. e4 dxe4 6. Bg5 cxd4 7. Nxe4 Be7 8.
Nxf6+ Bxf6 9. Bxf6 Qxf6 10. Nf3 O-O 11. Qxd4 Qxd4 12. Nxd4 e5 13. Nb5 Na6
14. Be2 Be6 15. O-O Rfc8 16. Nd6 Rc7 17. b3 Rd8 18. Rfd1 Rcd7 19. Nb5 Rxd1+
20. Rxd1 Rxd1+ 21. Bxd1 Nc5 22. b4 Bxc4 23. Nxa7 Nd3 24. Be2 f5 25. Nc8 e4
26. Nd6 Be6 27. Nxb7 Nb2 28. Nc5 Bf7 29. a4 Kf8 30. a5 Bd5 31. Bb5 Ke7 32.
a6 Kd6 33. Be8 Nd3 34. Nb7+ Kc7 35. b5 Nb4 36. Nc5 Kb6 37. Nd7+ Kxb5 38.
Nf6+ Kxa6 39. Nxh7 g5 40. Nxg5 Nd3 41. Bf7 Bxf7 42. Nxf7 Nf4 43. Nd6 Kb6 44.
Nxf5 Kc5 45. Ng3 Kd5 46. Nxe4 Kxe4 47. h3 {Black forfeits on time} 1-0

[Event "ICCopen2017"]
[Site "Internet Chess Club"]
[Date "2017.03.19"]
[Round "2"]
[White "mikrotonic2"]
[Black "moonriver"]
[Result "0-1"]
[ICCResult "White forfeits on time"]
[WhiteElo "1663"]
[BlackElo "1381"]
[Opening "Caro-Kann: Tartakower (fantasy) variation"]
[ECO "B12"]
[NIC "CK.02"]
[Time "19:22:59"]
[TimeControl "180+0"]

1. e4 c6 2. d4 d5 3. f3 g6 4. c3 Bg7 5. e5 h5 6. f4 Bf5 7. Bd3 Qd7 8. Nf3
Nh6 9. O-O Bxd3 10. Qxd3 Qf5 11. Qd1 O-O 12. Na3 f6 13. Nc2 fxe5 14. dxe5 e6
15. Ncd4 Qf7 16. Ng5 Qe7 17. Ngxe6 Nf5 18. Nxf8 Nxd4 19. cxd4 Qxf8 20. f5
Qf7 21. fxg6 Qxg6 22. Qf3 Nd7 23. Qg3 Qxg3 24. hxg3 Nb6 25. b3 a5 26. Bg5 a4
27. e6 axb3 28. axb3 Rxa1 29. Rxa1 Kf8 30. e7+ Ke8 31. Rd1 Nd7 32. Kf2 Bf6
33. Bxf6 Nxf6 34. Re1 Ng8 35. Re5 Nxe7 36. Rxh5 Kd7 37. Rh7 Kd6 38. g4 b6
39. Ke3 c5 40. dxc5+ bxc5 41. Kf4 d4 42. Ke4 Nc6 43. Rh6+ Kd7 44. Kd5 Nb4+
45. Kc4 d3 46. Rh7+ Ke6 {White forfeits on time} 0-1

[Event "ICCopen2017"]
[Site "Internet Chess Club"]
[Date "2017.03.19"]
[Round "2"]
[White "GreyWarden"]
[Black "Shadeath"]
[Result "1/2-1/2"]
[ICCResult "White ran out of time and Black has no material to mate"]
[WhiteElo "2025"]
[BlackElo "2894"]
[Opening "Robatsch (modern) defense"]
[ECO "B07"]
[NIC "VO.17"]
[Time "19:22:58"]
[TimeControl "180+0"]

1. e4 d6 2. d4 g6 3. Nc3 Bg7 4. Be3 c6 5. f3 Nd7 6. Nh3 b5 7. Qd2 Bb7 8. Nf2
a6 9. h4 h5 10. Bd3 e5 11. Ne2 c5 12. c3 Ne7 13. d5 Qc7 14. O-O-O c4 15. Bc2
Nc5 16. Kb1 a5 17. f4 Qb6 18. fxe5 Bxe5 19. Bd4 O-O-O 20. Bxe5 dxe5 21. g4
Kb8 22. Ng3 Qd6 23. gxh5 gxh5 24. Qe2 Ka7 25. Nxh5 b4 26. Ng3 b3 27. axb3
cxb3 28. Bd3 a4 29. Qe3 Ka8 30. c4 Rb8 31. Nf5 Nxf5 32. exf5 a3 33. Ne4 Nxe4
34. Bxe4 Qa6 35. Qxb3 Bc8 36. d6+ Bb7 37. Qf3 Ka7 38. Rd3 Bxe4 39. Qxe4
Rxb2+ 40. Ka1 Rhb8 41. Qe3+ Ka8 42. Rxa3 R2b6 43. Ka2 Rxd6 44. Rb1 Rc8 45.
Rxa6+ Rxa6+ 46. Kb2 Rac6 47. c5 Rb8+ 48. Kc1 Rxb1+ 49. Kxb1 Rc7 50. Qe4+
Rb7+ 51. Kc2 Kb8 52. Qd5 Rc7 53. Kc3 Rc8 54. Kc4 f6 55. Qd6+ Rc7 56. Qd5 Kc8
57. Qg8+ Kb7 58. Qe6 Rc6 59. Qd7+ Rc7 60. Qd6 Rxc5+ 61. Kxc5 Kc8 62. Qxf6 e4
63. Qe5 Kb7 64. Qxe4+ Ka6 65. Qe6+ Ka5 66. f6 Ka4 67. f7 Ka3
{White ran out of time and Black has no material to mate}
1/2-1/2

[Event "ICCopen2017"]
[Site "Internet Chess Club"]
[Date "2017.03.19"]
[Round "2"]
[White "chigato"]
[Black "hecan58"]
[Result "1-0"]
[ICCResult "Black forfeits on time"]
[WhiteElo "1676"]
[BlackElo "1356"]
[Opening "Gedult's opening"]
[ECO "A00"]
[Time "19:23:22"]
[TimeControl "180+0"]

1. f3 d5 2. e4 dxe4 3. fxe4 e5 4. Nf3 Nc6 5. c3 Nf6 6. d3 Bc5 7. Qe2 Bg4 8.
Nbd2 Qd7 9. Nc4 O-O 10. Ne3 Bh5 11. h3 Rfe8 12. Nf5 a5 13. g4 Bg6 14. Ne3
Rad8 15. Qd2 Nxe4 16. Qg2 Nf6 17. Bd2 Bxd3 18. O-O-O e4 19. Nh4 Ne5 20. Nhf5
Qa4 21. Bxd3 Nxd3+ 22. Kb1 Qb5 23. Bc1 Ba3 24. c4 Qb6 25. Qc2 Bc5 26. a3 a4
27. Ka2 Nd7 28. Qxa4 N7e5 29. Qc2 Nxc1+ 30. Rxc1 Nd3 31. Rb1 Bxe3 32. Qc3
Bd4 33. Nxd4 Qxd4 34. Qxd4 Rxd4 35. Rhf1 e3 36. Rbd1 e2 37. Rxd3 Rxd3 38.
Re1 Rd1 39. Rxe2 Rxe2 40. Kb3 Rdd2 41. Kc3 c5 42. Kb3 Rxb2+ 43. Ka4 b6 44.
g5 {Black forfeits on time} 1-0

[Event "ICCopen2017"]
[Site "Internet Chess Club"]
[Date "2017.03.19"]
[Round "2"]
[White "mathman"]
[Black "fishmaster"]
[Result "0-1"]
[ICCResult "White forfeits on time"]
[WhiteElo "2213"]
[BlackElo "1829"]
[Opening "Two knights defense (Modern bishop's opening)"]
[ECO "C55"]
[NIC "IG.01"]
[Time "19:23:17"]
[TimeControl "180+0"]

1. e4 e5 2. Nf3 Nc6 3. Bc4 Nf6 4. d3 Be7 5. O-O d6 6. c3 Na5 7. Bb5+ c6 8.
Ba4 b5 9. Bc2 O-O 10. Re1 c5 11. Nbd2 Nc6 12. Nf1 Qc7 13. h3 Re8 14. N3h2
Bf8 15. Bg5 Nd7 16. g4 h6 17. Bd2 Nb6 18. Ne3 g6 19. Rf1 Be6 20. f4 exf4 21.
Rxf4 Ne5 22. Qf1 d5 23. b3 Bd6 24. Rf2 d4 25. Nd1 Kh7 26. Kh1 Rf8 27. Nf3
Qc6 28. Nxe5 Bxe5 29. c4 b4 30. Rf3 Nd7 31. Nf2 Bg7 32. Re1 Ne5 33. Rg3 f5
34. Bd1 f4 35. Rg1 f3 36. Rg3 g5 37. Qg1 Ng6 38. Qh2 Nf4 39. h4 Kg8 40. hxg5
hxg5 41. Kg1 Kf7 42. e5 Rh8 43. Nh3 Nxh3+ 44. Rxh3 Rxh3 45. Qxh3 Rh8 46.
Qxf3+ Qxf3 47. Bxf3 Ke7 48. Rf1 Bxe5 49. Be4 Bh2+ 50. Kg2 Bxg4 51. Bxg5+ Ke6
52. Rf6+ Ke5 53. Rf2 Ke6 54. Bf4 Bxf4 55. Rxf4 Bf3+ 56. Kg3 Bg2 57. Bxg2
Rg8+ 58. Kf3 Ke5 59. Bh3 Re8 60. Rf5+ Kd6 61. Rf4 Kc7 62. Re4 Rxe4 63. Kxe4
Kd6 64. Bg4 Kc7 65. Bf5 Kb6 66. Bh3 Kc6 67. Bg4 Kc7 68. Bf3 Kb6 69. Bg4 Kc7
70. Bf3 Kb6 71. Bg4 Kc7 {White forfeits on time} 0-1

[Event "ICCopen2017"]
[Site "Internet Chess Club"]
[Date "2017.03.19"]
[Round "2"]
[White "Darnoc"]
[Black "METALCHESS"]
[Result "1-0"]
[ICCResult "Black forfeits on time"]
[WhiteElo "2955"]
[BlackElo "2007"]
[Opening "Dutch defense"]
[ECO "A87"]
[NIC "HD.06"]
[Time "19:23:05"]
[TimeControl "180+0"]

1. d4 f5 2. g3 Nf6 3. Bg2 g6 4. Nf3 Bg7 5. O-O O-O 6. c4 d6 7. Qb3 Na6 8.
Rd1 Kh8 9. Nc3 c6 10. Bf4 Qe8 11. Rac1 Nh5 12. Bd2 e5 13. dxe5 dxe5 14. Na4
e4 15. Ne1 Qf7 16. Bc3 Be6 17. Bxg7+ Nxg7 18. Qc3 Kg8 19. b3 Rfd8 20. f3 Rf8
21. Nc2 exf3 22. exf3 Rae8 23. Nd4 Bc8 24. f4 Nh5 25. Nf3 Nf6 26. Ne5 Qc7
27. Qd4 b6 28. Bxc6 Rd8 29. Bd5+ Kg7 30. Nc3 Nc5 31. Qf2 Rfe8 32. Bf3 Bb7
33. Nb5 Qb8 34. Nc6 Bxc6 35. Bxc6 Nfe4 36. Qb2+ Kg8 37. Bxe8 Rxe8 38. Qd4
Qc7 39. Nxc7 Re7 40. Qd8+ Kf7 41. Nd5 Re6 42. Qh4 h5 43. Ne3 Rf6 44. Rd7+
Nxd7 45. Qh3 Ne5 46. Qg2 Nf3+ 47. Qxf3 Ng5 48. Qd5+ Kg7 49. fxg5 Kh7 50. Qd4
Rf7 51. Nd5 Kg8 52. Nf6+ Kg7 53. Qd8 {Black forfeits on time} 1-0

[Event "ICCopen2017"]
[Site "Internet Chess Club"]
[Date "2017.03.19"]
[Round "2"]
[White "angelyas"]
[Black "mvillalba"]
[Result "0-1"]
[ICCResult "White resigns"]
[WhiteElo "1094"]
[BlackElo "2155"]
[Opening "King's pawn opening"]
[ECO "B07"]
[NIC "VO.17"]
[Time "19:26:09"]
[TimeControl "180+0"]

1. e4 d6 2. Bc4 Nf6 3. d3 e5 4. Nf3 Be7 5. h3 c6 6. a3 O-O 7. Bb3 Nbd7 8.
Nc3 Nc5 9. Ba2 a5 10. Be3 Ne6 11. g4 Nd7 12. Qd2 b5 13. g5 Rb8 14. h4 b4 15.
Nb1 Ndc5 16. axb4 axb4 17. Bc4 d5 18. exd5 cxd5 19. Ba2 b3 20. cxb3 Nxb3 21.
Bxb3 Rxb3 22. Nxe5 Qc7 23. f4 d4 24. Bf2 Bb7 25. Rg1 Bd6 26. Na3 Nxf4 27.
Qxf4 Bxe5 28. Qc1 Qe7 29. Kf1 Qe6 30. Bg3 Qh3+ 31. Kf2 Bxg3+ 32. Rxg3 Qh2+
33. Rg2 Qxg2+ {White resigns} 0-1

[Event "ICCopen2017"]
[Site "Internet Chess Club"]
[Date "2017.03.19"]
[Round "2"]
[White "Fighterman"]
[Black "DoctorWho"]
[Result "1/2-1/2"]
[ICCResult "White ran out of time and Black has no material to mate"]
[WhiteElo "2482"]
[BlackElo "1875"]
[Opening "French: Paulsen variation"]
[ECO "C10"]
[NIC "FR.04"]
[Time "19:22:45"]
[TimeControl "180+0"]

1. e4 e6 2. d4 d5 3. Nc3 Nc6 4. Bb5 dxe4 5. Nxe4 Qd5 6. Qe2 Bd7 7. Nf3 Nf6
8. Nxf6+ gxf6 9. c4 Qh5 10. d5 Ne5 11. Bxd7+ Kxd7 12. dxe6+ fxe6 13. Nxe5+
Qxe5 14. Qxe5 fxe5 15. Ke2 Rg8 16. Rd1+ Kc6 17. g3 Bc5 18. Be3 Rg7 19. Rd3
e4 20. Rb3 b6 21. Bxc5 Kxc5 22. Rb5+ Kxc4 23. Re5 c5 24. Rxe6 Kd5 25. Rh6
Re8 26. Rd1+ Kc4 27. Rh4 Rge7 28. Rd6 b5 29. Rdh6 a5 30. Rxh7 a4 31. Rxe7
Rxe7 32. f3 a3 33. bxa3 Kc3 34. Rxe4 Rh7 35. h4 Kb2 36. Re5 Rc7 37. h5 Kxa3
38. g4 b4 39. h6 Kxa2 40. Re8 b3 41. Ra8+ Kb1 42. g5 Kc2 43. g6 Re7+ 44. Kf2
Rb7 45. Ra1 b2 46. Re1 Rb6 47. g7 Rxh6 48. g8=Q Rh2+ 49. Ke3 b1=Q 50. Rxb1
Kxb1 51. Qg1+ Kb2 52. Qxh2+ Kb3 53. Qd2 Kc4 54. Qd4+ Kb5 55. Qxc5+ Kxc5 56.
Ke4 Kd6 57. Kf5 Ke7 58. Kg6 Kf8 59. f4 Kg8 60. f5 Kf8 61. Kf6 Ke8 62. Kg7
Kd7 63. f6 Kd6 64. f7 Ke5 65. f8=Q Ke6 66. Qf6+ Kd5 67. Kg6 Ke4 68. Qf5+ Kd4
69. Kf6 Kc4 70. Ke6 Kb4 71. Qg4+ Kc3 72. Ke5 Kd3 73. Qd4+ Kc2 74. Kd5 Kb3
{White ran out of time and Black has no material to mate}
1/2-1/2